 Dungeon Crawl Stone Soup version 0.30-a0-528-g8c47a4955b (webtiles) character file.

Game seed: 9976380277914480566

779 bande the Chopper (level 7, -4/44 HPs)
             Began as a Gargoyle Fighter on Dec 24, 2022.
             Slain by an iron imp (9 damage)
             ... summoned by Eustachio
             ... on level 5 of the Dungeon.
             The game lasted 00:04:32 (3140 turns).

bande the Chopper (Gargoyle Fighter)                Turns: 3140, Time: 00:04:33

Health: -4/44      AC: 17    Str: 20    XL:     7   Next: 85%
Magic:  7/7        EV:  5    Int:  8    God:
Gold:   232        SH:  5    Dex: 11    Spells: 6/6 levels left

rFire   . . .      SeeInvis .    a - +0 war axe
rCold   . . .      Faith    .    c - +1 buckler
rNeg    + . .      Spirit   .    h - +0 plate armour
rPois   ∞          Reflect  .    (no helmet)
rElec   +          Harm     .    (no cloak)
rCorr   .          Rampage  .    (no gloves)
Will    .....                    (no boots) Stlth
                                 (no amulet)
HPRegen 0.27/turn                (no ring)
MPRegen 0.10/turn                (no ring)

@: no status effects
A: sickness immunity, AC +4, negative energy resistance 1, electricity
resistance, torment resistance 1, petrification resistance
a: no special abilities


You were on level 5 of the Dungeon.
You visited 1 branch of the dungeon, and saw 5 of its levels.

You collected 232 gold pieces.

Inventory:

Hand Weapons
 a - a +0 war axe (weapon)
 t - a +1 vorpal flail
Armour
 c - a +1 buckler (worn)
 h - a +0 plate armour (worn)
Wands
 d - a wand of digging (6)
Scrolls
 e - a scroll of fog
 p - a scroll of amnesia
Potions
 b - a potion of attraction {unknown}
 f - a potion of resistance {unknown}
 g - 4 potions of heal wounds {unknown}
 i - a potion of flight {unknown}
 j - a potion of ambrosia {unknown}
 k - 2 potions of curing
 l - a potion of haste {unknown}
 m - 3 potions of magic {unknown}
 n - a potion of lignification {unknown}
 o - a potion of degeneration {unknown}
 q - a potion of brilliance {unknown}
 r - a potion of cancellation {unknown}


   Skills:
 + Level 5.2 Fighting
 + Level 6.0 Axes
 + Level 4.9 Armour
 + Level 4.2 Shields


You had 6 spell levels left.
You didn't know any spells.
Your spell library contained the following spells:

 Spells                   Type           Power      Damage    Failure   Level
 Sandblast                Erth           0%         2d4       100%        1
 Passwall                 Tmut/Erth      0%         N/A       100%        2
 Stone Arrow              Conj/Erth      0%         3d7       100%        3


Dungeon Overview and Level Annotations

Branches:
Dungeon (5/15)
 Temple: D:4-7

Altars:
Ru
Trog
Vehumet

Portals:
Abyss: D:5

Annotations:
D:5 2 transporters, Eustachio; xzight's ghost, amateur DEFE


Innate Abilities, Weirdness & Mutations

You are immune to sickness and miasma.
Your stone body is resilient. (AC +4)
You are immune to poison.
You resist negative energy. (rN+)
You are resistant to electric shocks. (rElec)
You are resistant to unholy torment.
You are immune to petrification.


Message History

You are too injured to fight recklessly!
You are too injured to fight recklessly!
You are too injured to fight recklessly!
You are too injured to fight recklessly!
You are too injured to fight recklessly!
Unknown command.
You barely miss Eustachio. You closely miss the iron imp.
You barely miss the ufetubus. You miss the quasit.
The ufetubus barely misses you. You block the ufetubus's attack.
The ufetubus hits you but does no damage.
The ufetubus barely misses you. The quasit completely misses you.
The quasit claws you but does no damage. x2
The iron imp hits you. Eustachio hits you with a +0 falchion.
* * * LOW HITPOINT WARNING * * *
Unknown command.
You barely miss Eustachio. You completely miss the iron imp.
You closely miss the ufetubus. You miss the quasit.
The ufetubus hits you but does no damage.
The ufetubus hits you.
* * * LOW HITPOINT WARNING * * *
The quasit barely misses you.
The quasit claws you but does no damage. x2
Eustachio hits you with a +0 falchion.
* * * LOW HITPOINT WARNING * * *
The ufetubus hits you but does no damage.
The ufetubus hits you.
* * * LOW HITPOINT WARNING * * *
The iron imp hits you but does no damage.
The quasit bites you but does no damage.
You block the quasit's attack. x2
You hit Eustachio.
Eustachio is lightly wounded.
You closely miss the ufetubus. You closely miss the quasit.
You barely miss the iron imp. You block the ufetubus's attack.
The ufetubus closely misses you.
The quasit bites you but does no damage.
The quasit claws you but does no damage.
The quasit barely misses you. Eustachio closely misses you.
The iron imp hits you!
You die...

#...............
#...............
#####...............
#...####'###.......#
#..........#.......#
#..........+.......
#..........#......
#....###'###.....
#....#...@@..#
#....+..555..#
#....#...b...+
#....#.......#
#.)..#....>..#
#.......# ........#
#..?.....#


You could see Eustachio, an iron imp (summoned), a quasit (summoned), an
ufetubus (summoned) and a bat (summoned).

Vanquished Creatures
  Grinder (D:4)
  An ogre (D:4)
  A scorpion (D:4)
  A hound (D:4)
  5 orc priests (D:4)
  3 orc wizards
  3 gnolls (D:5)
  4 adders
  A dart slug (D:1)
  A worm (D:2)
  18 orcs
  14 ball pythons
  7 bats
  7 endoplasms
  3 giant cockroaches (D:1)
  10 goblins
  11 hobgoblins
  8 jackals
  2 quokkas
  3 frilled lizards
  5 kobolds
  4 rats
113 creatures vanquished.

Vanquished Creatures (others)
  4 plants (D:2)
4 creatures vanquished.

Grand Total: 117 creatures vanquished

Notes
Turn   | Place    | Note
-------+----------+-------------------------------------------
     0 | D:1      | bande the Gargoyle Fighter began the quest for the Orb.
     0 | D:1      | Reached XP level 1. HP: 14/14 MP: 1/1
    47 | D:1      | Reached XP level 2. HP: 19/19 MP: 2/2
   245 | D:1      | Reached skill level 2 in Axes
   306 | D:1      | Reached XP level 3. HP: 24/24 MP: 3/3
   735 | D:2      | Reached XP level 4. HP: 27/29 MP: 4/4
  1352 | D:3      | Reached skill level 3 in Axes
  1407 | D:3      | Reached XP level 5. HP: 28/33 MP: 5/5
  1699 | D:3      | Found a radiant altar of Vehumet.
  1809 | D:4      | Noticed Grinder
  1824 | D:4      | Killed Grinder
  1825 | D:4      | Reached skill level 4 in Axes
  1825 | D:4      | Reached XP level 6. HP: 35/39 MP: 6/6
  1870 | D:4      | Reached skill level 5 in Axes
  2027 | D:4      | Reached XP level 7. HP: 37/44 MP: 7/7
  2116 | D:4      | Found a sacrificial altar of Ru.
  2166 | D:4      | HP: 2/44 [something (3)]
  2186 | D:4      | Found a bloodstained altar of Trog.
  2401 | D:4      | Reached skill level 5 in Fighting
  2945 | D:5      | Entered Level 5 of the Dungeon
  2999 | D:5      | Found a transporter.
  3015 | D:5      | Found a one-way gate to the infinite horrors of the Abyss.
  3015 | D:5      | Noticed xzight's ghost (amateur DEFE)
  3038 | D:5      | Found a transporter.
  3067 | D:5      | Reached skill level 6 in Axes
  3127 | D:5      | Noticed Eustachio
  3140 | D:5      | Slain by an iron imp

Illustrated notes

Levels and vault maps discovered:
D:1:      tarquinn_simple_flora_water_b, layout_basic
D:2:      layout_loops_ring, serial_bayou, serial_bayou_pond_e,
          serial_bayou_ford_a, serial_bayou_lagoon_b, serial_bayou_pond_a,
          serial_bayou_pond_b
D:3:      layout_rooms, mainiacjoe_overflow_catwalk, minmay_between
D:4:      layout_cave_pods, mainiacjoe_overflow_small_starburst,
          trog_hazing_becter, fountainhead, kennysheep_orc_chapel, uniq_grinder
D:5:      layout_gridville, makhleb_altar_promises_db,
          gammafunk_ghost_abyssal_escape, uniq_eustachio

Skill      XL: |  1  2  3  4  5  6  7 |
---------------+----------------------+-----
Axes           | 2 3 4 5 6 |  6.0
Fighting       | 4 5 |  5.2
Armour         | 4 |  4.9
Shields        | 4 |  4.2

Action                   |  1- 3 |  4- 6 |  7- 9 || total
-------------------------+-------+-------+-------++-------
Melee: War axe           |   133 |   132 |   117 ||   382
  Use: Scroll            |       |     5 |     2 ||     7
       Potion            |       |       |     4 ||     4
Armor: Scale mail        |    51 |       |       ||    51
       Plate armour      |    59 |   128 |   150 ||   337
Dodge: Dodged            |    77 |    37 |    40 ||   154
Block: Buckler           |    22 |    27 |    48 ||    97

Table legend: (Time is in decaauts)
 A = Elapsed time spent in this place.
 B = Non-inter-level travel time spent in this place.
 C = Inter-level travel time spent in this place.
 D = Time resting spent in this place.
 E = Time spent auto-exploring this place.
 F = Levels seen in this place.
 G = Mean time per level.
                   A        B        C        D        E       F      G
               +--------+--------+--------+--------+--------+-----+--------+
         Total |   3315 |   3221 |     94 |      0 |   2372 |   5 |  663.0 |
       Dungeon |   3315 |   3221 |     94 |      0 |   2372 |   5 |  663.0 |
               +--------+--------+--------+--------+--------+-----+--------+

Top non-repeatable levels by time:
     D:4: 1231 daAuts
     D:2: 817 daAuts
     D:3: 540 daAuts
     D:1: 524 daAuts
     D:5: 202 daAuts
